Cogmind - Beta 14 @@@ ROGUE MODE // 2025.01.16 @ 19:26:53 Player: muesli Result: Destroyed by D-53 Grenadier with Mini Grenade Launcher Performance ------------- Evolutions (0) 0 Regions Visited (4) 800 Robots Destroyed (11) 55 Value Destroyed (248) 248 Prototype IDs (0) 0 Alien Tech Used (0) 0 Bonus (300) 300 TOTAL SCORE: 1403 Bonus ------- Aligned with FarCom 300 Cogmind --------- Core Integrity 0/250 Matter 58/300 Energy 100/100 System Corruption 0% Temperature Cool (0) Movement Walking (190) Ox1 Location -9/Mines Parts ------- > --- POWER (1) -------- (None) > --- PROPULSION (2) --- Aluminum Leg > --- UTILITY (2) ------ Large Storage Unit Hacking Suite > --- WEAPON (2) ------- (None) > --- INVENTORY (15) --- Aluminum Leg Aluminum Leg Signal Interpreter Light Assault Rifle Light Cannon Light Cannon Datajack Peak State ------------ > --- POWER ------------ Ion Engine > --- PROPULSION ------- Aluminum Leg Aluminum Leg > --- UTILITY ---------- Small Storage Unit Hacking Suite > --- WEAPON ----------- Light Cannon Rocket Launcher > --- INVENTORY -------- Ion Engine Aluminum Leg Aluminum Leg Signal Interpreter Light Assault Rifle Light Cannon Light Cannon Datajack [Rating: 10] Favorites ----------- Power Ion Engine Engine Ion Engine Propulsion Aluminum Leg Leg Aluminum Leg Utility Hacking Suite Storage Small Storage Unit Hackware Hacking Suite Weapon Light Cannon Energy Gun EM Pulse Gun Ballistic Gun Assault Rifle Ballistic Cannon Light Cannon Launcher Rocket Launcher Special Melee Weapon Datajack Build | -11 -10 -10 -10 -9 ------- Run | Yrd Mat Min Exi Min Slots Evolved . | . . . . . Power . | . . . . . Propulsion . | . . . . . Utility . | . . . . . Weapon . | . . . . . Parts Attached 13 | . 3 7 1 2 Power 2 | . . 1 . 1 Engine 2 | . . 1 . 1 Core . | . . . . . Reactor . | . . . . . Propulsion 1 | . . 1 . . Treads . | . . . . . Leg 1 | . . 1 . . Wheel . | . . . . . Hover . | . . . . . Flight . | . . . . . Utility 2 | . 1 . 1 . Device . | . . . . . Storage 1 | . . . 1 . Processor . | . . . . . Hackware 1 | . 1 . . . Protection . | . . . . . Artifact . | . . . . . Weapon 8 | . 2 5 . 1 Energy Gun . | . . . . . Energy Cannon . | . . . . . Ballistic Gun . | . . . . . Ballistic Cannon 4 | . 2 2 . . Launcher 3 | . . 2 . 1 Special Weapon . | . . . . . Impact Weapon . | . . . . . Slashing Weapon . | . . . . . Piercing Weapon . | . . . . . Special Melee Weapon 1 | . . 1 . . Unidentified Prototypes . | . . . . . Parts Lost 5 | . . . . 5 Power 2 | . . . . 2 Propulsion 1 | . . . . 1 Utility . | . . . . . Weapon 2 | . . . . 2 Highest Loss Streak 5 | . . . . 5 To Critical Strikes . | . . . . . Average Slot Usage (%) 99 | . 98 100 100 93 Engine 13 | . 14 14 14 12 Leg 27 | . 28 28 28 26 Storage 14 | . 14 14 14 14 Hackware 13 | . 12 14 14 14 Energy Gun 1 | . 7 . . . Ballistic Gun 1 | . 7 . . . Ballistic Cannon 25 | . 12 27 28 20 Peak Build Rating 10 | 6 9 10 9 10 Average Rating 8 | 6 8 9 9 9 On Entrance 7 | 6 6 9 9 9 Naked Turns . | . . . . . Heaviest Build 32 | 12 14 17 31 32 Greatest Support 20 | 20 20 20 20 20 Greatest Overweight (x) 1 | . . . 1 1 Average Overweight (x) . | . . . . 1 Largest Inventory Capacity 15 | 8 8 8 15 15 Average Capacity 8 | 8 8 8 9 15 Most Carried 8 | 6 8 8 8 8 Average Carried 7 | 6 7 7 8 7 Final Capacity 15 | 8 8 8 15 15 Final Carried 8 | 6 7 8 8 7 Class Distribution -------------------- 100% | Mutant Dominant Class ---------------- Mutant | -10/Materials Mutant | -10/Mines Mutant | -10/Exiles Mutant | -9/Mines Resources | -11 -10 -10 -10 -9 ----------- Run | Yrd Mat Min Exi Min Matter Collected 447 | 200 31 216 . . Remotely . | . . . . . Salvage Created 256 | . 64 160 . 32 Parts 17 | . 5 12 . . Haulers Intercepted . | . . . . . Recyclers Shooed . | . . . . . Parts Field Recycled . | . . . . . Retrieved Matter . | . . . . . Parts Self-Destructed . | . . . . . Prevented . | . . . . . Kills | -11 -10 -10 -10 -9 ------- Run | Yrd Mat Min Exi Min Combat Hostiles Destroyed 22 | . 1 9 . 12 Cannons 7 | . . 7 . . AOE 15 | . 1 2 . 12 Classes Destroyed 4 | . 2 1 . 1 Operator 1 | . 1 . . . Swarmer 6 | . . 6 . . Grunt 4 | . 1 3 . . Assembled 12 | . . . . 12 Best Kill Streak 12 | . 1 3 . 12 Combat Bots Only 12 | . 1 3 . 12 Max Kills in Single Turn 5 | . 1 2 . 5 Gunslinging . | . . . . . Exploded 5 | . 1 2 . 5 Melee . | . . . . . Uniques/NPCs Destroyed . | . . . . . Combat | -11 -10 -10 -10 -9 -------- Run | Yrd Mat Min Exi Min Hostile Shots Fired 58 | . 5 34 . 19 Missed 13 | . . 7 . 6 Damage Taken 839 | . 125 282 . 432 Core 255 | . 71 49 . 135 Absorbed by Shields . | . . . . . Core Remaining (%) 100 | 100 . . . . Volleys Fired 47 | . 7 34 . 6 Largest 2 | . 2 2 . 2 Hottest 70 | . 60 70 . 68 Shots Fired 91 | . 14 67 . 10 Gun 14 | . 14 . . . Cannon 69 | . . 65 . 4 Launcher 8 | . . 2 . 6 Special . | . . . . . Kinetic 76 | . 7 65 . 4 Thermal . | . . . . . Explosive 8 | . . 2 . 6 Electromagnetic 7 | . 7 . . . Robot Hit Streak 5 | . 3 5 . 2 Robot Miss Streak 2 | . 1 2 . 2 Penetration Max . | . . . . . Secondary Targets . | . . . . . Shots Hit Robots 29 | . 9 15 . 5 Core Hits 36 | . 5 10 . 21 Critical Kills . | . . . . . Critical Parts Destroyed . | . . . . . Critical Strikes 2 | . . 2 . . Blast 2 | . . 2 . . Melee Attacks . | . . . . . Impact . | . . . . . Slashing . | . . . . . Piercing . | . . . . . Sneak Attacks . | . . . . . Combat Hostiles . | . . . . . Follow-up Attacks . | . . . . . Damage Inflicted 1280 | . 155 311 . 814 Guns 106 | . 106 . . . Cannons 256 | . . 222 . 34 Explosions 917 | . 48 89 . 780 Melee . | . . . . . Ramming 1 | . 1 . . . Kinetic 321 | . 65 222 . 34 Thermal 48 | . 48 . . . Explosive 869 | . . 89 . 780 Electromagnetic 41 | . 41 . . . Impact . | . . . . . Slashing . | . . . . . Piercing . | . . . . . Highest Corruption . | . . . . . Average Corruption . | . . . . . Corruption Purged . | . . . . . Corruption Blocked . | . . . . . Overload Shots . | . . . . . Overflow Damage 49 | . . 2 . 47 Projectiles . | . . . . . Explosions 49 | . . 2 . 47 Melee . | . . . . . Knockbacks 5 | . . 3 . 2 Impact . | . . . . . Kinetic 4 | . . 3 . 1 Secondary 1 | . . . . 1 Self-Inflicted Damage 295 | . 48 56 . 191 Shots 9 | . 1 2 . 6 Rammed . | . . . . . Targets Rammed 1 | . 1 . . . Kicked 1 | . 1 . . . Crushed . | . . . . . Highest Temperature 63 | . 48 63 . 26 Average Temperature 23 | . 28 23 . 10 Received Heat Transfer 118 | . 42 36 . 40 Siege Activations . | . . . . . Robots Corrupted . | . . . . . Combat Hostiles . | . . . . . Parts Fried . | . . . . . Impact Corruptions . | . . . . . Robots Melted . | . . . . . Combat Hostiles . | . . . . . Parts Melted . | . . . . . Heat Transferred . | . . . . . Parts Sabotaged . | . . . . . Parts Stolen . | . . . . . Parts Stripped . | . . . . . Power Chain Reactions 1 | . 1 . . . Alert | -11 -10 -10 -10 -9 ------- Run | Yrd Mat Min Exi Min Peak Influence 147 | . 56 147 . 14 Initial 21 | . . 21 . . Average 67 | . 35 82 . 2 Maximum Alert Level . | . . . . . Low Security (%) 100 | 100 100 100 . 100 Level 1 . | . . . . . Level 2 . | . . . . . Level 3 . | . . . . . Level 4 . | . . . . . Level 5 . | . . . . . High Security . | . . . . . Max Security . | . . . . . Squads Dispatched 1 | . 1 . . . Investigation . | . . . . . Extermination . | . . . . . Reinforcement 1 | . 1 . . . Assault . | . . . . . Garrison . | . . . . . Intercept . | . . . . . Searches Triggered . | . . . . . Construction Impeded . | . . . . . Haulers Reinforced . | . . . . . Active Scanning Responses . | . . . . . Cargo Convoy Interrupts . | . . . . . Stealth | -11 -10 -10 -10 -9 --------- Run | Yrd Mat Min Exi Min Distress Signals . | . . . . . Communications Jammed . | . . . . . Distress Signals . | . . . . . Times Spotted 37 | . 5 9 . 23 Peak Tracking Total 19 | . 2 3 . 19 Tactical Retreats 3 | . 1 . . 2 Traps | -11 -10 -10 -10 -9 ------- Run | Yrd Mat Min Exi Min Traps Triggered . | . . . . . Indirectly . | . . . . . Trap Hack Attempts . | . . . . . Triggered . | . . . . . Disarmed . | . . . . . Reprogrammed . | . . . . . Reused . | . . . . . Traps Extracted . | . . . . . Installed . | . . . . . Triggered . | . . . . . Machines | -11 -10 -10 -10 -9 ---------- Run | Yrd Mat Min Exi Min Machines Disabled 1 | . . 1 . . Max in Single Turn 1 | . . 1 . . Machines Repaired . | . . . . . Machines Dismantled . | . . . . . Machines Sabotaged . | . . . . . Overloaded Fab Kills . | . . . . . Hacking | -11 -10 -10 -10 -9 --------- Run | Yrd Mat Min Exi Min Machines Accessed 2 | . 2 . . . Terminals 2 | . 2 . . . Fabricators . | . . . . . Repair Stations . | . . . . . Recycling Units . | . . . . . Scanalyzers . | . . . . . Garrison Access . | . . . . . Total Hacks 3 | . 3 . . . Successful 2 | . 2 . . . Failed 1 | . 1 . . . Catastrophic . | . . . . . Database Lockouts . | . . . . . Manual . | . . . . . Terminals 3 | . 3 . . . Fabricators . | . . . . . Repair Stations . | . . . . . Recycling Units . | . . . . . Scanalyzers . | . . . . . Garrison Access . | . . . . . Terminal Hacks 2 | . 2 . . . Robot Analysis 1 | . 1 . . . Emergency Access Points 1 | . 1 . . . Fabricator Hacks . | . . . . . Repair Station Hacks . | . . . . . Recycling Unit Hacks . | . . . . . Scanalyzer . | . . . . . Garrison Access Hacks . | . . . . . Unauthorized Hacks . | . . . . . Terminals . | . . . . . Fabricators . | . . . . . Repair Stations . | . . . . . Recycling Units . | . . . . . Scanalyzers . | . . . . . Garrison Access . | . . . . . Data Cores Recovered 1 | . 1 . . . Used . | . . . . . Hacking Detections 1 | . 1 . . . Full Trace Events . | . . . . . Feedback Events . | . . . . . Feedback Blocked . | . . . . . Robot Schematics Acquired . | . . . . . Robots Built . | . . . . . Authchips . | . . . . . Time . | . . . . . Total Robot Build Rating . | . . . . . Part Schematics Acquired . | . . . . . Parts Built . | . . . . . Authchips . | . . . . . Time . | . . . . . Total Part Build Rating . | . . . . . Parts Repaired . | . . . . . Time . | . . . . . Parts Recycled . | . . . . . Recycled Matter . | . . . . . Retrieved Matter . | . . . . . Retrieved Components . | . . . . . Parts Scanalyzed . | . . . . . Part Schematics Acquired . | . . . . . Parts Damaged . | . . . . . Bothacking | -11 -10 -10 -10 -9 ------------ Run | Yrd Mat Min Exi Min Used RIF Installer . | . . . . . Robots Hacked . | . . . . . Non-combat . | . . . . . Combat . | . . . . . Robot Hacks Applied . | . . . . . Relay Couplers Released . | . . . . . Fabnet Peak Effective % . | . . . . . Robots Rewired . | . . . . . Allies Hacked . | . . . . . Hacks Repelled . | . . . . . Allies | -11 -10 -10 -10 -9 -------- Run | Yrd Mat Min Exi Min Total Allies 1 | . . 1 . . Largest Group 1 | . . 1 1 . Highest-Rated Group 31 | . . 31 31 . Highest-Rated Ally 31 | . . 31 31 . Total Orders . | . . . . . Ally Attacks . | . . . . . Total Damage . | . . . . . Kills . | . . . . . Allies Corrupted . | . . . . . Allies Melted . | . . . . . Intel | -11 -10 -10 -10 -9 ------- Run | Yrd Mat Min Exi Min Robot Analysis Total 1 | . 1 . . . Derelict Logs Recovered 2 | . . 2 . . Drone Launches . | . . . . . Drone Recoveries . | . . . . . Exploration | -11 -10 -10 -10 -9 ------------- Run | Yrd Mat Min Exi Min Turns Passed 1770 | 2 275 872 557 64 Spaces Moved 1268 | 2 197 613 433 23 Core . | . . . . . Treads . | . . . . . Legs 1268 | 2 197 613 433 23 Wheels . | . . . . . Hover . | . . . . . Flight . | . . . . . Fastest Speed 120 | 120 120 120 120 190 Average Speed 124 | 120 120 120 128 190 Slowest Speed 190 | 120 120 120 190 190 Overloaded Moves . | . . . . . Propulsion Burnouts . | . . . . . Robots Hopped . | . . . . . Cave-ins Triggered . | . . . . . Exploration Rate (%) 44 | 2 35 94 84 6 Regions Visited 4 Branch Regions 3 Pre-discovered Areas . | . . . . . Known Exits Taken . | . . . . . Unknown Exits Taken 4 | 1 1 1 1 . Scrap Searched 1 | . . 1 . . Spaces Dug . | . . . . . Terrain Destroyed 81 | . 2 18 . 61 Melee . | . . . . . Projectile . | . . . . . AOE 81 | . 2 18 . 61 Terrain Rammed . | . . . . . Walls Destroyed . | . . . . . Machines Disabled . | . . . . . Actions | -11 -10 -10 -10 -9 --------- Run | Yrd Mat Min Exi Min Total 1372 | 1 222 681 434 34 Wait 32 | . 6 23 . 3 Move 1264 | 1 196 612 432 23 Hop . | . . . . . Pick Up 7 | . 5 2 . . Fast Attach 1 | . 1 . . . Attach 1 | . . . . 1 Detach . | . . . . . Swap 11 | . 2 7 1 1 Drop 8 | . 4 3 1 . Fire 47 | . 7 34 . 6 Melee . | . . . . . Ram . | . . . . . Kick 1 | . 1 . . . Crush . | . . . . . Escape Stasis . | . . . . . Rewire . | . . . . . Trap . | . . . . . Miscellaneous . | . . . . . Route ------- -11/Scrapyard -10/Materials -10/Mines (discovered 3 exits: [*Mat x2] / [*Exi]) -10/Exiles (discovered 2 exits: [*Min x2]) -9/Mines History --------- Turn | Location | Event 1 | -11/Scrapyard | Discovered new exit (range 1) 3 | -11/Scrapyard | Entered Materials 219 | -10/Materials | Discovered new exit (range 7) 278 | -10/Materials | Entered Mines 313 | -10/Mines | Build established: Mutant 462 | -10/Mines | Discovered new exit (range 13) 838 | -10/Mines | Learned Materials emergency access door positions 925 | -10/Mines | Received a Rocket Launcher from a helpful Derelict 958 | -10/Mines | Excavation squad dispatched 958 | -10/Mines | A large section of the Mines collapsed 1101 | -10/Mines | Discovered new exit (range 7) 1104 | -10/Mines | Received a Mining Laser from a helpful Derelict 1142 | -10/Mines | Deemed a non-threat by the Exiles lab entrance 1143 | -10/Mines | Discovered new exit (range 5) 1150 | -10/Mines | Entered Exiles 1150 | -10/Exiles | Accompanied by 1 ally 1184 | -10/Exiles | Discovered new exit (range 15) 1206 | -10/Exiles | Met 8R-AWN 1227 | -10/Exiles | Met EX-HEX 1280 | -10/Exiles | Met EX-BIN 1309 | -10/Exiles | Aligned with FarCom system 1310 | -10/Exiles | Given EX-Vault access code 1359 | -10/Exiles | Met EX-DEC 1417 | -10/Exiles | Visited The Gauntlet 1673 | -10/Exiles | Discovered new exit (range 14) 1707 | -10/Exiles | Entered Mines 1733 | -9/Mines | Assembled infested the area 1738 | -9/Mines | Assisted by a Guerilla fighting off Assembled 1744 | -9/Mines | Met a Derelict bent on vengeance 1754 | -9/Mines | Core integrity fell below 50% 1762 | -9/Mines | Core integrity fell below 20% 1771 | -9/Mines | Destroyed by D-53 Grenadier with Mini Grenade Launcher Last Messages --------------- The unstable cave ceiling collapses. as-45070 knocked back. Destroyed Asb. Hover Unit. Destroyed Asb. Blade. as-88892 destroyed. Lgt. Cannon destroyed. Aluminum Leg destroyed. The unstable cave ceiling collapses. Destroyed Asb. F-torch. as-44369 destroyed. as-26483 destroyed. as-81437 destroyed. as-77805 destroyed. as-45070 destroyed. [Achievement: Quick And Dirty] The unstable cave ceiling collapses. C-30 ARC bursts open, deploying its payload. D-53 Grenadier unfolds itself. Rocket Launcher destroyed. Ion Engine destroyed. Map ----- +----------------------------------------------------+ | ????????????????????????????????? | | ????????????????????????????????? | | ????????????????????????????????? | | ????????????????????????????????? | | ????????????????????????????????? | | ???????????????????????? ???????? | | ???????????????????????? ???????? | | ???????????????????????? ???????? | | ???????????????????????? ???????? | | ???????????????????????# ???????? | | ??????????????????????# ???????? | | ?????????????????????? ! ???????? | | ?????????????????????? ???????? | | ??????????????????????# ???????? | | ??????????????????????# #???????? | | ????????????????????### #???????? | | ???????????????????## #???????? | | ???????????????????# ######??? | | ???????????????????# ## ##?? | | ????????????????????# #?? | | ????????????????????### #?? | | ??????????????????????# ##?? | | ?????????????????????###d% ##??? | | ????????????????????## d ##??? | | ????????????????????# #??? | | ????????????????????# @ #??? | | ???????????????????# # #??? | | ???????????????????## #??? | | ???????????????????# #??? | | ???????????????????## %% #??? | | ????????????????????# ##??? | | ????????????????????# ##???? | | ????????????????????###%! ????? | | ??????????????????????#*! ????? | | ?????????????????????? =| ????? | | ?????????????????????? ????? | | ?????????????????????? ???? | | ?????????????????????# ## ???? | | ?????????????????????# #??# ???? | | ?????????????????????#a???? ???? | | ?????????????????????? ???? ????? | | ?????????????????????? ?????????? | | ?????????????????????? ?????????? | | ?????????????????????? ?????????? | | ????????????????????????????????? | | ????????????????????????????????? | | ????????????????????????????????? | | ????????????????????????????????? | | ????????????????????????????????? | | ????????????????????????????????? | +----------------------------------------------------+ Best States ------------- Heat Dissipation 25 Energy Generation 10 Energy Capacity 250 Matter Stores 300 Matter Capacity 300 Sight Range 16 Terrain Scan Density 10 Evasion (%) 55 Offensive Hacking 10 Item Schematics ----------------- None Robot Schematics ------------------ None Fabricated ------------ Nothing Alien Tech Used ----------------- None Achievements -------------- Quick And Dirty Challenges ------------ None Game ------ Seed WeightTerrabombScrapsphere Manual? 0 Play Time 00:16:08 Cumulative 12.2 hours Start 2025.01.16 @ 19:11:27 End 2025.01.16 @ 19:26:53 Sessions 1 Manual Loads 0 Difficulty Rogue Special Mode None Game No. 25 Rogue 22 Adventurer 3 Explorer 0 Win Type - Total 0 Types 0/0/0/0/0/0/0/0/0 Lore% 7 Gallery% 14 Achievement% 14 Wizard Run 0 Options --------- Layout 0 ASCII 1 Keyboard 1 Movement Arrows Keybinds 0 Fullscreen 2 Font 24/Smallcaps Map View 76x50 Zoom Use 0% Tactical HUD 0 Map Filters NONE Filters NONE Steam 1 RUN: c538389f-3e62-438f-b2a0-9bcbff08abc8